 Dungeon Crawl Stone Soup version 0.31.0-4-g52a2dc7128 (webtiles) character file.

Game seed: 5984570817847141133

101 AlmostDecent the Trooper (level 4, -5/29 HPs)
             Began as a Gargoyle Fighter on Jan 22, 2024.
             Was a Follower of Okawaru.
             Killed by divine providence
             ... invoked by an orc priest
              (10 damage)
             ... on level 4 of the Dungeon.
             The game lasted 00:06:36 (2571 turns).

AlmostDecent the Trooper (Gargoyle Fighter)         Turns: 2571, Time: 00:06:37

Health: -5/29      AC: 14    Str: 21    XL:     4   Next: 75%
Magic:  0/4        EV: 14    Int:  9    God:    Okawaru [*.....]
Gold:   204        SH:  0    Dex:  9    Spells: 3/3 levels left

rFire   . . .        a - +0 war axe
rCold   . . .        c - +0 buckler
rNeg    + . .        e - +0 chain mail
rPois   ∞            (no helmet)
rElec   +            (no cloak)
rCorr   .            (no gloves)
SInv    .            (no boots)
Will    .....        m - amulet of guardian spirit Stlth
                     n - +5 ring of evasion
HPRegen 0.24/turn    p - +4 ring of slaying
MPRegen 0.09/turn

%: guardian spirit
@: confused, heroic, ambrosia-drunk
A: sickness immunity, AC +3, negative energy resistance 1, electricity
resistance, torment resistance 1, petrification resistance
a: Renounce Religion, Heroism


You were on level 4 of the Dungeon.
You worshipped Okawaru.
Okawaru was aware of your devotion.
You visited 1 branch of the dungeon, and saw 4 of its levels.

You collected 204 gold pieces.

Inventory:

Hand Weapons
 a - a +0 war axe (weapon)
Armour
 c - a +0 buckler (worn)
 e - a +0 chain mail (worn)
Jewellery
 m - an amulet of guardian spirit (around neck)
 n - a +5 ring of evasion (left hand)
 o - a ring of protection from fire
 p - a +4 ring of slaying (right hand)
Scrolls
 h - 2 scrolls of poison {unknown}
 k - a scroll of acquirement {unknown}
 l - a scroll of identify {unknown}
 q - a scroll of teleportation {unknown}
 r - a scroll of fog {unknown}
 w - a scroll of immolation {unknown}
Potions
 d - a potion of might
 g - a potion of brilliance {unknown}
 i - a potion of haste {unknown}
 j - a potion of attraction {unknown}
 s - a potion of degeneration {unknown}
 t - 3 potions of lignification {unknown}
 u - a potion of curing {unknown}
 v - a potion of enlightenment {unknown}


   Skills:
 + Level 4.1(9.1) Fighting
 * Level 3.8(8.8) Axes
 - Level 3.2(8.2) Armour
 + Level 0.1(5.1) Stealth
 - Level 3.2(8.2) Shields


You had 3 spell levels left.
You didn't know any spells.
Your spell library was empty.

Dungeon Overview and Level Annotations

Branches:
Dungeon (4/15)
 Temple: D:4-7

Altars:
Okawaru


Innate Abilities, Weirdness & Mutations

You are immune to sickness and miasma.
Your stone body is resilient. (AC +3)
You are immune to poison.
You resist negative energy. (rN+)
You are resistant to electric shocks. (rElec)
You are resistant to unholy torment.
You are immune to petrification.


Message History

The dart slug launches a dart at you.
The slug dart hits you but does no damage.
The dart slug launches a dart at you.
The slug dart hits you but does no damage.
You slash the dart slug!
The dart slug is severely wounded.
The dart slug launches a dart at you. The slug dart hits you.
You slash the dart slug!
You kill the dart slug!
Okawaru accepts your kill.
No target in view!
No target in view!
No target in view!
No target in view!
HP restored.
Found 5 atropa-tipped darts.
Found a stone staircase leading up. 2 orc priests come into view.
The orc priest shouts! x2
An orc comes into view. It is wielding a +0 short sword.
The orc shouts!
An orc comes into view. It is wielding a +0 dagger.
The orc priest invokes the aid of Beogh against you.
Beogh smites you!
You gain the combat prowess of a mighty hero.
The orc shouts!
The orc priest mumbles some strange prayers to Beogh against you.
Beogh smites you!
Ouch! That really hurt!
* * * LOW HITPOINT WARNING * * *
You are too injured to fight recklessly!
It was a potion of cancellation.
You feel magically purged.
It was a potion of ambrosia.
You are confused.
You feel invigorated.
The orc priest hits you but does no damage.
The orc priest calls down the wrath of Beogh upon you.
Beogh smites you!
You die...

............##
.........##
..........#
.....(....##
...........#
.........#.#
<..........#
...........#
........@##.#
......oo# ##
......o##
....o..
.......
......# ......
......


You could see 2 orc priests and 2 orcs.

Vanquished Creatures
  2 adders
  A ribbon worm (D:2)
  3 dart slugs
  2 orcs
  4 endoplasms
  A giant cockroach (D:3)
  7 goblins
  4 hobgoblins
  7 jackals
  7 kobolds
  2 quokkas (D:1)
  9 ball pythons
  9 bats
  4 frilled lizards
  4 rats
66 creatures vanquished.

Notes
Turn   | Place    | Note
-------+----------+-------------------------------------------
     0 | D:1      | AlmostDecent the Gargoyle Fighter began the quest for the
                  | Orb.
     0 | D:1      | Reached XP level 1. HP: 14/14 MP: 1/1
   160 | D:1      | Reached XP level 2. HP: 19/19 MP: 2/2
   477 | D:1      | Reached XP level 3. HP: 24/24 MP: 3/3
  1039 | D:2      | Reached skill level 4 in Fighting
  1211 | D:2      | Reached XP level 4. HP: 29/29 MP: 4/4
  1789 | D:3      | Found a faded altar of an unknown god.
  1803 | D:3      | Prayed at the altar of an unknown god.
  1803 | D:3      | Became a worshipper of Warmaster Okawaru
  1803 | D:3      | Reached * piety under Okawaru
  2569 | D:4      | HP: 1/29 [orc priest/divine providence (17)]
  2571 | D:4      | Killed from afar by an orc priest

Illustrated notes

Levels and vault maps discovered:
D:1:      dpeg_arrival_central, layout_basic, minmay_cupped
D:2:      layout_loops_ring
D:3:      layout_basic, serial_rivers, chequers_serial_rivers_micro_c,
          chequers_serial_rivers_marsh, chequers_serial_rivers_room_a,
          chequers_serial_rivers_micro_a, chequers_serial_rivers_micro_d,
          chequers_serial_rivers_micro_d, nicolae_ecumenical_snake_handling,
          minivault_4
D:4:      layout_layer_cave, lemuel_coloured_pillars_altar,
          gammafunk_ghost_smash

Skill      XL: |  1  2  3 |
---------------+----------+-----
Axes           | 2 3 |  3.8
Fighting       | 4 |  4.1
Armour         | |  3.2
Stealth        | |  0.1
Shields        | |  3.2

Action                     |  1- 3 |  4- 6 || total
---------------------------+-------+-------++-------
  Melee: War axe           |   108 |    63 ||   171
 Invoke: Heroism           |       |     1 ||     1
    Use: Potion            |       |     2 ||     2
 Armour: Chain mail        |   109 |    34 ||   143
  Dodge: Dodged            |    60 |    33 ||    93
  Block: Buckler           |    24 |    10 ||    34
